 Dungeon Crawl Stone Soup version 0.31-a0-1074-g0b22e4e0f1 (webtiles) character file.

Game seed: 12208218825711754716

365 grandjackal the Trooper (level 6, -8/67 HPs)
             Began as an Ogre Warper on Nov 29, 2023.
             Killed by divine providence
             ... invoked by an orc priest
              (14 damage)
             ... on level 3 of the Dungeon.
             The game lasted 00:04:11 (3473 turns).

grandjackal the Trooper (Ogre Warper)               Turns: 3473, Time: 00:04:12

Health: -8/67      AC:  3    Str: 16    XL:     6   Next: 68%
Magic:  13/13      EV:  9    Int: 16    God:
Gold:   98         SH:  0    Dex:  8    Spells: 4/14 levels left

rFire   . . .        h - +1 dagger (venom)
rCold   . . .        (no shield)
rNeg    . . .        b - +0 robe
rPois   .            (helmet restricted)
rElec   .            (no cloak)
rCorr   .            (gloves unavailable)
SInv    .            (boots unavailable)
Will    .....        (no amulet)
Stlth   +            (no ring)
HPRegen 0.31/turn    (no ring)
MPRegen 0.13/turn

%: no passive effects
@: confused, ambrosia-drunk
A: large, unfitting armour, tough skin 1
a: no special abilities


You were on level 3 of the Dungeon.
You visited 1 branch of the dungeon, and saw 3 of its levels.

You collected 98 gold pieces.

Inventory:

Hand Weapons
 h - a +1 dagger of venom (weapon)
 n - a +0 flail
Missiles
 d - 7 darts of dispersal (quivered)
Armour
 b - a +0 robe (worn)
Wands
 p - a wand of mindburst (5)
Scrolls
 a - a scroll of silence {unknown}
 c - a scroll of blinking
 g - 2 scrolls of teleportation {unknown}
 k - a scroll of noise {unknown}
 m - a scroll of vulnerability {unknown}
 o - a scroll of enchant armour {unknown}
 q - a scroll of amnesia {unknown}
 r - a scroll of identify {unknown}
Potions
 e - a potion of brilliance {unknown}
 f - a potion of ambrosia
 i - a potion of cancellation {unknown}
 j - a potion of lignification {unknown}
 l - a potion of curing {unknown}


   Skills:
 + Level 5.6 Fighting
 - Level 2.0 Maces & Flails
 - Level 1.0 Throwing
 - Level 2.1 Dodging
 + Level 4.7 Spellcasting
 + Level 4.3 Translocations


You had 4 spell levels left.
You knew the following spells:

 Your Spells              Type           Power      Damage    Failure   Level
a - Blink                 Tloc           34%        N/A       4%          2
b - Manifold Assault      Tloc           17%        N/A       26%         4
c - Passage of Golubria   Tloc           17%        N/A       26%         4

Your spell library contained the following spells:

 Spells                   Type           Power      Damage    Failure   Level
 Lesser Beckoning         Tloc           34%        N/A       4%          2
 Teleport Other           Tloc           17%        N/A       8%          3
 Wereblood                Tmut           3%         N/A       24%         2
 Tukima's Dance           Hex            3%         N/A       43%         3
 Dimensional Bullseye     Hex/Tloc       5%         N/A       54%         4
 Iskenderun's Mystic Bla  Conj/Tloc      10%        2d4       54%         4
 Vhi's Electric Charge    Tloc/Air       20%        N/A       54%         4
 Irradiate                Conj/Tmut      1%         3d12      99%         5
 Yara's Violent Unravell  Hex/Tmut       1%         3d3       99%         5


Dungeon Overview and Level Annotations

Branches:
Dungeon (3/15)

Altars:
Cheibriados
Uskayaw
The Shining One


Innate Abilities, Weirdness & Mutations

You are too large for most types of armour.
You have tough skin. (AC +1)


Message History

You hit the kobold but do no damage.
The kobold is poisoned.
The orc priest hits you from afar with a +0 trident.
The kobold hits you with a +0 short sword.
You miss the kobold.
The kobold is moderately wounded.
A nearby plant withers and dies.
A goblin comes into view. It is wielding a +0 club.
The kobold hits you with a +0 short sword.
The orc priest hits you from afar with a +0 trident!
You barely miss the kobold.
The kobold is moderately wounded.
The orc priest closely misses you. The kobold barely misses you.
You closely miss the kobold. Your punch misses the kobold.
The kobold is moderately wounded.
The orc priest closely misses you.
The kobold hits you with a +0 short sword.
You closely miss the kobold.
The kobold is severely wounded.
You kill the kobold!
The orc priest hits you from afar with a +0 trident.
* * * LOW HITPOINT WARNING * * *
The orc priest invokes the aid of Beogh against you.
Beogh smites you!
* * * LOW HITPOINT WARNING * * *
Items here: ( )) = [.
You barely miss the orc priest.
The goblin shouts!
The orc priest barely misses you.
You barely miss the orc priest.
The orc priest hits you but does no damage.
You hit the orc priest but do no damage.
The orc priest is poisoned.
The orc priest hits you with a +0 trident!
* * * LOW HITPOINT WARNING * * *
It was a potion of ambrosia.
You are confused.
You feel invigorated.
The orc priest mumbles some strange prayers to Beogh against you.
Beogh smites you!
You die...

# #..# #.#
##.# #.##
.g.# ...#
#.# ...#
##♣.~~##.#
..g...
#~~.~~~#.#
...>##
~~~.P~~♣.#
##..#
~P~.~~~♣.#
# ..#
~P~.~~~♣.#
# g#
~~~.P~~~@#
.
~~P.~g~~o#
~P~.~♣♣#)#
P~~. #)#
♣~~ #)# ~
#.# ...
~.. ♣.#


You could see an orc priest (very poisoned) and a goblin.

Vanquished Creatures
  An orc priest (D:3)
  Terence (D:2)
  Natasha (thrice) (D:3 D:2)
  2 orc wizards (D:3)
  Robin (D:3)
  4 gnolls
  6 adders
  4 dart slugs
  4 orcs (D:3)
  3 bats
  4 endoplasms
  3 giant cockroaches
  8 hobgoblins
  6 quokkas
  8 ball pythons
  A frilled lizard (D:1)
  15 goblins
  2 kobolds
  2 rats
78 creatures vanquished.

Notes
Turn   | Place    | Note
-------+----------+-------------------------------------------
     0 | D:1      | grandjackal the Ogre Warper began the quest for the Orb.
     0 | D:1      | Reached XP level 1. HP: 22/22 MP: 3/3
   205 | D:1      | Reached XP level 2. HP: 10/29 MP: 5/5
   303 | D:1      | Reached skill level 3 in Fighting
   443 | D:1      | Learned a level 2 spell: Blink
   897 | D:1      | Reached XP level 3. HP: 37/37 MP: 7/7
  1205 | D:2      | Noticed a glass eye
  1215 | D:2      | Found a faded altar of an unknown god.
  1217 | D:2      | Noticed a glass eye
  1238 | D:2      | Noticed a glass eye
  1238 | D:2      | Noticed an eye of devastation
  1392 | D:2      | Found a glowing golden altar of the Shining One.
  1546 | D:2      | Reached XP level 4. HP: 47/48 MP: 8/8
  1562 | D:2      | Learned a level 4 spell: Manifold Assault
  1737 | D:2      | Noticed Terence
  1752 | D:2      | Killed Terence
  1753 | D:2      | Reached skill level 4 in Fighting
  1873 | D:3      | Noticed Natasha
  1883 | D:3      | Killed Natasha
  1884 | D:3      | Reached XP level 5. HP: 50/55 MP: 10/10
  2704 | D:3      | Learned a level 4 spell: Passage of Golubria
  2722 | D:3      | Noticed Robin
  2741 | D:3      | Killed Robin
  2756 | D:3      | Reached skill level 5 in Fighting
  2847 | D:3      | Noticed Natasha
  2861 | D:3      | Killed Natasha
  2862 | D:3      | Reached XP level 6. HP: 34/66 MP: 12/12
  2977 | D:3      | Noticed Natasha
  2989 | D:2      | Killed Natasha
  3387 | D:3      | Found a snail-covered altar of Cheibriados.
  3389 | D:3      | Found a hide-covered altar of Uskayaw.
  3472 | D:3      | HP: 2/67 [orc priest/+0 trident (7)]
  3473 | D:3      | Killed from afar by an orc priest

Illustrated notes

Levels and vault maps discovered:
D:1:      dpeg_arrival_water_fire, layout_basic
D:2:      layout_rooms, hellmonk_ecumenical_altar_watching_god, basic_altar,
          minmay_misc_feat_four_crosses, uniq_terence
D:3:      minmay_spotlight, layout_loops_ring, mainiacjoe_overflow_big_doors,
          serial_bayou_lagoon_b, uniq_robin, uniq_natasha

Skill      XL: |  1  2  3  4  5 |
---------------+----------------+-----
Fighting       | 3 4 5 |  5.6
Maces & Flails | 2 |  2.0
Translocations | 3 4 |  4.3
Spellcasting   | 3 4 |  4.7
Throwing       | |  1.0
Dodging        | |  2.1

Action                     |  1- 3 |  4- 6 || total
---------------------------+-------+-------++-------
  Melee: Dagger            |    84 |   208 ||   292
         Mace              |     9 |       ||     9
         Punch             |     2 |     1 ||     3
    Use: Potion            |       |     1 ||     1
   Stab: Sleeping          |       |     1 ||     1
 Armour: Robe              |    58 |   177 ||   235
  Dodge: Dodged            |    50 |    85 ||   135

Table legend: (Time is in decaauts)
 A = Elapsed time spent in this place.
 B = Non-inter-level travel time spent in this place.
 C = Inter-level travel time spent in this place.
 D = Time resting spent in this place.
 E = Time spent auto-exploring this place.
 F = Levels seen in this place.
 G = Mean time per level.
                   A        B        C        D        E       F      G
               +--------+--------+--------+--------+--------+-----+--------+
         Total |   3479 |   3379 |    100 |   1292 |   1397 |   3 | 1159.7 |
       Dungeon |   3479 |   3379 |    100 |   1292 |   1397 |   3 | 1159.7 |
               +--------+--------+--------+--------+--------+-----+--------+

Top non-repeatable levels by time:
     D:1: 1204 daAuts
     D:2: 1191 daAuts
     D:3: 1083 daAuts
